Map: Ruins of Endion

Players

Pokebunny

  • Race: Terran Terran
  • League: Grandmaster

Cauchy - Winner!

  • Race: Zerg Zerg
  • League: Master

VOD

Have the link to the VOD?

Description

Time

  • Played on: April 5, 2016, 7:18 p.m.
  • Length: 10:29
Show
View Real Time Build Order
Export as new Build Order

Pokebunny Terran 

Build Orders: Reaper Expand, MMM Bio 

Get SALT Encoding   

  12  0:00  SCV  
  13  0:13  SCV  
  14  0:19  Supply Depot  
  14  0:25  SCV  
  15  0:41  Barracks, SCV  
  16  0:45  Refinery  
  16  0:53  SCV  
  17  1:05  SCV  
  18  1:17  SCV  
  19  1:29  Orbital Command, Reaper  
  20  1:39  Command Center  
  20  1:48  Supply Depot  
  20  1:55  SCV  
  21  2:01  Barracks Reactor  
  21  2:07  Barracks, SCV  
  22  2:16  Barracks  
  22  2:19  SCV  
  23  2:24  Refinery  
  23  2:32  SCV  
  24  2:38  Marine x2  
  26  2:44  SCV  
  26  2:51  Factory  
  27  2:53  Orbital Command  
  27  2:56  Barracks Tech Lab  
  27  2:59  Marine x2  
  27  3:03  SCV  
  30  3:07  Marine  
  31  3:14  Marine  
  31  3:16  Stimpack  
  32  3:20  Bunker  
  32  3:23  Marine  
  32  3:24  Marine  
  34  3:32  SCV  
  34  3:33  Supply Depot  
  34  3:34  SCV  
  36  3:41  Starport  
  36  3:43  Factory Reactor  
  36  3:45  Marine  
  36  3:46  Marine  
  38  3:52  SCV x2  
  38  3:53  Marine  
  41  3:56  Marine  
  40  4:03  Marine  
  40  4:04  Marine  
  39  4:14  Marine x2  
  41  4:17  SCV x2  
  41  4:21  Marine  
  42  4:29  SCV x2  
  42  4:30  Factory Tech Lab  
  44  4:32  Marine  
  44  4:33  Marine  
  44  4:37  Marine  
  44  4:38  Supply Depot  
  47  4:48  SCV x2  
  47  4:51  Medivac x2  
  53  4:54  Marine  
  53  4:58  Barracks Reactor  
  53  4:59  Marine x2  
  53  5:15  Marine  
  53  5:17  Siege Tank, Marine x2  
  53  5:18  SCV x2  
  61  5:31  SCV  
  61  5:32  Refinery  
  62  5:36  Supply Depot  
  62  5:39  Supply Depot  
  62  5:46  Combat Shields  
  62  5:58  Marine x3, Medivac x2, SCV  
  62  6:00  Marine x2  
  72  6:11  Supply Depot  
  72  6:12  Supply Depot  
  72  6:16  Siege Tank  
  71  6:21  Marine x3  
  71  6:22  Marine x2  
  71  6:23  SCV x2  
  78  6:35  Medivac  
  78  6:37  SCV  
  78  6:39  Command Center  
  81  6:46  Marine x4  
  85  6:51  Siege Tank  
  73  7:02  Marine  
  74  7:09  Refinery  
  74  7:11  Engineering Bay  
  74  7:14  Engineering Bay, Supply Depot  
  74  7:15  Marine x4  
  78  7:23  Siege Tank  
  78  7:27  Marine  
  78  7:28  Medivac  
  78  7:29  Medivac  
  78  7:51  Marine x4  
  78  7:52  Marine  
  78  7:54  Terran Infantry Weapons Level 1  
  78  7:55  Terran Infantry Armor Level 1  
  83  8:01  SCV  
  83  8:02  SCV  
  83  8:13  SCV  
  83  8:19  Siege Tank  
  87  8:20  Marine x4  
  87  8:21  Marine  
  87  8:22  Orbital Command  
  92  8:38  Marine  
  93  8:49  Marine x3  
  93  8:51  Siege Tank, Medivac x2  
  93  8:54  Supply Depot  
  89  9:19  Armory, Supply Depot  
  89  9:23  Siege Tank  
  90  9:31  Marine x4, Marauder  
  90  9:36  Barracks  
  92  9:45  Barracks  
  85  9:51  Marine x4  
  88  9:53  Marauder  
Show
View Real Time Build Order
Export as new Build Order

Cauchy Zerg - Winner!

Build Orders: Pool First 

Get SALT Encoding   

  12  0:02  Drone  
  13  0:16  Overlord  
  13  0:18  Drone  
  14  0:34  Drone  
  14  0:35  Drone  
  16  0:38  Drone  
  17  0:48  Spawning Pool  
  17  0:49  Drone  
  17  1:00  Drone  
  18  1:12  Hatchery  
  18  1:15  Extractor  
  18  1:17  Drone  
  17  1:23  Drone  
  18  1:33  Drone  
  18  1:35  Queen  
  21  1:43  Overlord  
  22  1:54  Drone  
  22  2:00  Roach Warren  
  21  2:10  Queen  
  21  2:11  Drone  
  21  2:15  Drone  
  25  2:27  Drone  
  25  2:28  Overlord  
  26  2:35  Drone  
  27  2:39  Drone  
  28  2:44  Roach x3  
  28  2:49  Drone x2  
  36  2:51  Pneumatized Carapace  
  36  2:57  Drone, Evolution Chamber  
  36  3:01  Drone  
  37  3:15  Drone x2  
  39  3:28  Drone x3  
  39  3:30  Drone  
  39  3:33  Drone  
  44  3:34  Hatchery  
  44  3:39  Lair  
  43  3:43  Drone  
  44  3:59  Overlord  
  44  4:18  Drone x3  
  44  4:19  Drone  
  44  4:21  Zerg Missile Weapons Level 1, Overlord, Extractor x2  
  44  4:22  Queen  
  44  4:23  Drone x4  
  52  4:25  Overlord  
  52  4:36  Overlord  
  52  4:37  Extractor  
  51  4:38  Drone  
  52  4:46  Glial Reconstitution  
  52  4:48  Drone x3  
  52  4:51  Drone  
  56  4:53  Roach x2  
  56  4:54  Roach  
  62  5:05  Overlord  
  62  5:06  Roach x3  
  62  5:07  Roach  
  66  5:15  Overlord  
  66  5:18  Overlord  
  66  5:19  Overlord  
  66  5:20  Roach  
  66  5:21  Roach x3  
  72  5:34  Drone x2  
  72  5:35  Drone x3  
  77  5:42  Roach x2  
  81  5:46  Roach  
  81  5:49  Roach x4  
  91  5:58  Drone x3  
  91  5:59  Drone x2  
  96  6:05  Overlord  
  96  6:07  Overlord x2  
  96  6:20  Overlord x2  
  96  6:24  Zerg Missile Weapons Level 2  
  96  6:27  Roach  
  96  6:29  Evolution Chamber  
  96  6:30  Ravager  
  98  6:32  Overlord  
  98  6:38  Overlord  
  98  6:39  Ravager x2  
  100  6:44  Roach x6  
  100  6:47  Ravager x3  
  109  6:49  Roach x2  
  109  6:52  Overlord  
  108  7:02  Drone x5  
  108  7:03  Drone x4  
  108  7:05  Ravager  
  118  7:15  Roach x4  
  126  7:25  Zerg Ground Armor Level 1  
  126  7:26  Overlord  
  126  7:28  Drone x3  
  127  7:37  Roach x3  
  127  7:38  Roach x2  
  135  7:45  Extractor  
  135  7:47  Extractor  
  135  7:48  Overlord  
  135  7:50  Overlord  
  133  7:52  Roach x2  
  139  7:58  Roach x2  
  139  7:59  Roach x2  
  139  8:01  Overlord x2  
  139  8:05  Overlord  
  140  8:16  Roach  
  140  8:17  Roach x6  
  152  8:22  Roach  
  154  8:33  Roach x4  
  154  8:34  Roach  
  163  8:40  Roach  
  163  8:41  Roach x4  
  172  8:46  Roach x2  
  172  8:47  Roach  
  173  8:58  Roach x3  
  173  9:02  Ravager x6  
  185  9:04  Overlord  
  183  9:15  Roach x5  
  171  9:30  Roach x8  
  171  9:31  Roach  
  179  9:35  Ravager  
  179  9:36  Ravager  
  173  9:45  Roach  
  173  9:46  Roach x2  
  173  9:50  Roach  
  173  9:51  Roach  
  181  9:58  Roach  
  181  9:59  Roach  
  185  10:02  Roach x2  
  137  10:22  Hatchery  
Tags
 
Add a new tag
Caveats
  • Supply blocks, unpowered buildings, or Contaminate may cause inaccurate times.
  • Supply counts are checked every 10 seconds.